 Dungeon Crawl Stone Soup version 0.19.0-11-g3fc08b3 (webtiles) character file.

4515 Exaltedone87 the Basher (level 10, 0/93 HPs)
             Began as a Deep Dwarf Fighter on Nov 8, 2016.
             Was a Believer of Makhleb.
             Slain by Gastronok (31 damage)
             ... on level 9 of the Dungeon.
             The game lasted 00:23:38 (6966 turns).

Exaltedone87 the Basher (Deep Dwarf Fighter)        Turns: 6966, Time: 00:23:38

Health: 0/93       AC: 14    Str: 26    XL:     10   Next: 16%
Magic:  10/10      EV: 11    Int: 13    God:    Makhleb [**....]
Gold:   514        SH: 12    Dex: 12    Spells: 0 memorised, 9 levels left

rFire  . . .     SeeInvis .     l - +1 flail (crush)
rCold  . . .     Gourm    .     b - +0 scale mail
rNeg   . . .     Faith    .     c - +1 shield
rPois  .         Spirit   .     (helmet restricted)
rElec  .         Reflect  .     t - +2 cloak
rCorr  .         Harm     .     x - +0 pair of gloves
MR     +....     Rnd*Tele +     (no boots)
Stlth  ..........               (no amulet)
                                a - +5 ring of intelligence
                                h - +1 ring of protection

@: non-regenerating, drained
A: damage resistance, recharge devices, horns 1, talons 1, rugged brown scales
1, blurry vision 1, sense surroundings 2, slow regeneration 3, strong 1,
teleportitis 1
a: Device Recharging, Minor Destruction, Renounce Religion


You were on level 9 of the Dungeon.
You worshipped Makhleb.
Makhleb was pleased with you.
You were not hungry.

You visited 2 branches of the dungeon, and saw 10 of its levels.
You also visited: Sewer.

You collected 514 gold pieces.

Inventory:

Hand Weapons
 l - a +1 flail of crushing (weapon)
 m - a +2 flail of holy wrath
Armour
 b - a +0 scale mail (worn)
 c - a +1 shield (worn)
 t - a +2 cloak (worn)
 x - a +0 pair of gloves (worn)
 y - a +0 plate armour
Jewellery
 a - a +5 ring of intelligence (right hand)
 h - a +1 ring of protection (left hand)
 C - the ring "Isusch" {Wiz +Fly rC++ Dex-3, unknown}
   (You found it on level 9 of the Dungeon)

   [ring of wizardry]

   It improves your spell success rate.
   It affects your dexterity (-3).
   It greatly protects you from cold.
   It lets you fly.
Wands
 e - a wand of heal wounds (0/9)
 u - a wand of digging (6/24)
Scrolls
 g - a scroll of recharging
 k - a scroll of fog
 p - 3 scrolls of remove curse
 q - 3 scrolls of teleportation
 r - 2 scrolls of fear
Potions
 d - 6 potions of might
 f - 2 potions of heal wounds
 i - 6 potions of curing
 n - a potion of mutation
 s - a potion of brilliance
 v - 2 potions of magic
Books
 w - a book of Clouds

   Spells                             Type                      Level
   a - Mephitic Cloud                 Conjuration/Poison/Air       3
   b - Conjure Flame                  Conjuration/Fire             3
   c - Poisonous Cloud                Conjuration/Poison/Air       6
   d - Freezing Cloud                 Conjuration/Ice/Air          6
   e - Ring of Flames                 Charms/Fire                  7
 B - a book of Flames

   Spells                             Type                      Level
   a - Flame Tongue                   Conjuration/Fire             1
   b - Throw Flame                    Conjuration/Fire             2
   c - Conjure Flame                  Conjuration/Fire             3
   d - Inner Flame                    Hexes/Fire                   3
   e - Sticky Flame                   Conjuration/Fire             4
   f - Fireball                       Conjuration/Fire             5
Comestibles
 o - 4 fruits
 z - 3 bread rations
 A - 2 beef jerkies


   Skills:
 + Level 6.2(6.1) Fighting
 * Level 9.3 Maces & Flails
 + Level 7.4(7.3) Armour
 - Level 5.0(4.9) Dodging
 + Level 7.9 Shields


You had 9 spell levels left.
You didn't know any spells.

Dungeon Overview and Level Annotations

Branches:
Dungeon (9/15)             Temple (1/1) D:6
   Lair: D:8-11         Orc: D:9-12

Altars:
Ashenzari
Elyvilon
Hepliaklqana
Makhleb
Sif Muna
Trog
Vehumet
Yredelemnul
Zin

Shops:
D:5 }   D:6 =

Annotations:
D:9 Gastronok


Innate Abilities, Weirdness & Mutations

You are resistant to damage.
You can recharge devices by infusing magical energy.
You passively map the area around you.
You do not regenerate.
You have a pair of small horns on your head.
You have sharp toenails.
You are partially covered in rugged brown scales. (AC +1, +3% HP)
Scrolls take you a little longer to read.
Your muscles are strong. (Str +2)
You are occasionally teleported next to monsters.


Message History

Gastronok closely misses you.
You sock Gastronok! You claw Gastronok, but do no damage.
You headbutt Gastronok, but do no damage.
Gastronok is severely wounded.
You hit Gastronok. You claw Gastronok, but do no damage.
Gastronok is severely wounded.
You block Gastronok's attack.
You thump Gastronok! You claw Gastronok, but do no damage.
Gastronok is almost dead.
You hit Gastronok but do no damage. You claw Gastronok, but do no damage.
Gastronok is almost dead.
Gastronok waves his eye-stalks in wide circles.
The air twists around and strikes you!
You sock Gastronok! You claw Gastronok, but do no damage.
You headbutt Gastronok!
Gastronok is almost dead.
You hit Gastronok but do no damage. You claw Gastronok, but do no damage.
Gastronok is almost dead.
Gastronok bites you!!
You die...

......## #.#
......#* #.#
..h....... #.#
..........* #.#
..........* #.#
.<........ #.#
..c..[.* #.#
,.[..... #†# ,
.......######@#
,
............w.#
,
.......########
* #......
#...... * **
#......+, , *
#...... * *
#......, , ,*
#w##### * ,


You could see Gastronok.

Vanquished Creatures
  Erica (D:8)
  The ghost of willcat the Archer, a novice DEHu (D:6)
  Grinder (D:4)
  A spriggan (D:7)
  2 hungry ghosts (D:7)
  A sky beast (D:6)
  An orc warrior (D:6)
  An ogre (D:8)
  2 centaurs
  A phantom (D:9)
  2 big kobolds (Sewer)
  4 bullfrogs
  A wyvern skeleton (D:7)
  A scorpion (D:4)
  4 wights (D:9)
  6 crimson imps
  2 quasits
  A bullfrog zombie (D:7)
  3 jellies
  A hound (D:4)
  11 orc priests
  2 bullfrog skeletons
  4 iguanas
  11 orc wizards
  4 worker ants
  A hound zombie (D:8)
  A worker ant zombie (D:9)
  8 adders
  6 gnolls
  10 river rats (Sewer)
  5 shadow imps
  2 oozes
  2 adder skeletons
  3 worms
  2 dart slugs (D:1)
  4 leopard geckos
  54 orcs
  10 giant cockroaches
  12 goblins
  5 hobgoblins
  23 jackals
  3 quokkas
  4 ball pythons
  5 bats
  4 frilled lizards
  A giant cockroach zombie (D:5)
  20 kobolds
  A quokka skeleton (D:8)
  25 rats
  A fungus (D:8)
281 creatures vanquished.

Vanquished Creatures (others)
  An orc wizard (D:7)
  A fungus (D:8)
2 creatures vanquished.

Grand Total: 283 creatures vanquished

Notes
Turn   | Place    | Note
-------+----------+-------------------------------------------
     0 | D:1      | Exaltedone87 the Deep Dwarf Fighter began the quest for the Orb.
     0 | D:1      | Reached XP level 1. HP: 20/20 MP: 1/1
   157 | D:1      | Reached XP level 2. HP: 18/27 MP: 2/2
   663 | D:1      | Reached XP level 3. HP: 16/34 MP: 3/3
  1462 | D:3      | Reached skill level 3 in Maces & Flails
  1579 | D:3      | Reached skill level 1 in Dodging
  1579 | D:3      | Reached XP level 4. HP: 22/42 MP: 4/4
  1675 | D:3      | Found a glowing drain.
  1697 | Sewer    | Entered a sewer
  1731 | Sewer    | Noticed a big kobold
  1741 | Sewer    | Killed a big kobold
  1741 | Sewer    | Reached XP level 5. HP: 34/49 MP: 5/5
  1977 | Sewer    | Reached skill level 4 in Maces & Flails
  1977 | Sewer    | Reached XP level 6. HP: 37/56 MP: 6/6
  2252 | Sewer    | Gained mutation: You have sharp toenails. [potion of mutation]
  2252 | Sewer    | Gained mutation: You have a pair of small horns on your head. [potion of mutation]
  2252 | Sewer    | Gained mutation: Scrolls take you a little longer to read. [potion of mutation]
  2662 | D:4      | Reached XP level 7. HP: 38/63 MP: 7/7
  2838 | D:4      | Reached skill level 5 in Maces & Flails
  2993 | D:4      | Noticed Grinder
  3012 | D:4      | Killed Grinder
  3012 | D:4      | Reached skill level 5 in Armour
  3012 | D:4      | Reached skill level 5 in Shields
  3353 | D:5      | Entered Level 5 of the Dungeon
  3364 | D:5      | Found Xoes Gull's Gadget Shoppe.
  3639 | D:5      | Reached XP level 8. HP: 42/72 MP: 8/8
  3791 | D:5      | Reached skill level 6 in Maces & Flails
  4116 | D:6      | Noticed willcat's ghost (novice DEHu)
  4128 | D:6      | Killed willcat's ghost
  4379 | D:6      | Found a staircase to the Ecumenical Temple.
  4387 | Temple   | Entered the Ecumenical Temple
  4403 | Temple   | Became a worshipper of Makhleb the Destroyer
  4483 | D:6      | Reached skill level 7 in Maces & Flails
  4495 | D:6      | Found Suturr's Jewellery Shoppe.
  4632 | D:6      | Reached skill level 5 in Dodging
  4673 | D:6      | Gained mutation: You are partially covered in rugged brown scales. (AC +1, +3% HP) [mutagenic meat]
  4674 | D:6      | Gained mutation: Your muscles are strong. (Str +2) [mutagenic meat]
  4675 | D:6      | Gained mutation: You are occasionally teleported next to monsters. [mutagenic meat]
  4834 | D:7      | Reached skill level 5 in Fighting
  4834 | D:7      | Gained mutation: You passively map the area around you. [Deep Dwarf growth]
  4834 | D:7      | Reached XP level 9. HP: 48/83 MP: 9/9
  4866 | D:7      | Reached * piety under Makhleb
  5066 | D:7      | Reached skill level 8 in Maces & Flails
  5595 | D:7      | Reached ** piety under Makhleb
  6121 | D:8      | Noticed Erica
  6145 | D:8      | Killed Erica
  6145 | D:8      | Reached skill level 9 in Maces & Flails
  6315 | D:8      | Reached XP level 10. HP: 41/93 MP: 10/10
  6711 | D:9      | Got a warped copper ring
  6926 | D:9      | Noticed Gastronok
  6966 | D:9      | Slain by Gastronok

Skill      XL: |  1  2  3  4  5  6  7  8  9 |
---------------+----------------------------+-----
Fighting       | 3 4 5 6 |  6.2
Maces & Flails | 3 4 5 7 9 |  9.3
Dodging        | 1 2 3 5 |  5.0
Armour         | 4 5 6 7 |  7.4
Shields        | 4 5 6 7 |  7.9

Action                   |  1- 3 |  4- 6 |  7- 9 | 10-12 || total
-------------------------+-------+-------+-------+-------++-------
Melee: Flail             |   181 |   259 |   490 |    92 ||  1022
       Kick              |       |    19 |   138 |    36 ||   193
       Headbutt          |       |     9 |    92 |    22 ||   123
Evoke: Wand              |     1 |     2 |     9 |     1 ||    13
  Use: Scroll            |     5 |     3 |    12 |     1 ||    21
       Potion            |     2 |     6 |     1 |       ||     9
  Eat: Fruit             |     1 |     1 |     1 |       ||     3
       Bread ration      |     1 |       |     3 |       ||     4
       Beef jerky        |       |     1 |     1 |       ||     2
       Pizza             |       |       |     1 |       ||     1
       Chunk             |       |       |     3 |       ||     3
       Royal jelly       |       |       |     1 |       ||     1
       Meat ration       |       |       |     1 |       ||     1
Armor: Scale mail        |   113 |   130 |   148 |    20 ||   411
Dodge: Dodged            |    76 |   144 |   146 |    28 ||   394
Block: Shield            |   142 |   243 |   269 |    36 ||   690
